 Dungeon Crawl Stone Soup version 0.17.1-2-g5865329 (webtiles) character file.

480 Peloso the Shield-Bearer (level 6, -1/55 HPs)
             Began as a Minotaur Fighter on Feb 10, 2016.
             Was a Follower of Okawaru.
             Slain by a river rat (7 damage)
             ... in a sewer.
             The game lasted 00:08:53 (2722 turns).

Peloso the Shield-Bearer (Minotaur Fighter)         Turns: 2722, Time: 00:08:53

Health: -1/55      AC: 11    Str: 21    XL:     6   Next: 86%
Magic:  5/5        EV:  7    Int:  5    God:    Okawaru [*.....]
Gold:   57         SH: 11    Dex: 11    Spells: 0 memorised, 5 levels left

rFire  . . .     SeeInvis .     a - +1 long sword
rCold  . . .     Clarity  .     i - +0 chain mail
rNeg   . . .     SustAt   .     c - +1 shield
rPois  .         Gourm    .     (helmet restricted)
rElec  .         Spirit   .     k - +0 cloak
rCorr  .         Warding  .     (no gloves)
rMut   .         Stasis   .     (no boots)
MR     .....                    (no amulet)
Stlth  ..........               (no ring)
                                (no ring)

@: not resistant to hostile enchantments, extremely unstealthy
A: retaliatory headbutt, horns 2
a: Heroism, Renounce Religion


You were in a sewer.
You worshipped Okawaru.
Okawaru was aware of your devotion.
You were hungry.

You visited 1 branch of the dungeon, and saw 3 of its levels.
You also visited: Sewer.

You collected 57 gold pieces.

Inventory:

Hand Weapons
 a - a +1 long sword (weapon)
 o - a +2 antimagic spear
 s - a +0 lajatang of protection
Armour
 c - a +1 shield (worn)
 i - a +0 chain mail (worn)
 k - a +0 cloak (worn)
Wands
 b - a wand of heal wounds (5)
Scrolls
 g - 5 scrolls of identify
 h - a scroll of enchant armour
 l - a scroll of magic mapping
 q - a scroll of remove curse
 u - a scroll of blinking {unknown}
Potions
 d - 3 potions of might
 f - a potion of resistance
 n - a potion of poison {unknown}
 t - 2 potions of curing {unknown}
 v - a potion of brilliance {unknown}
 w - a potion of agility {unknown}
 x - a potion of heal wounds {unknown}
Comestibles
 e - a bread ration
 j - 4 meat rations
 m - a beef jerky
 p - a slice of pizza
 r - 3 chunks of flesh


   Skills:
 + Level 4.9 Fighting
 + Level 4.1 Long Blades
 + Level 5.7 Armour
 + Level 2.2 Dodging
 + Level 6.1 Shields


You had 5 spell levels left.
You didn't know any spells.

Dungeon Overview and Level Annotations

Branches:
Dungeon (3/15)

Altars:
Kikubaaqudgha
Okawaru
Vehumet
Yredelemnul


Innate Abilities, Weirdness & Mutations

You reflexively headbutt those who attack you in melee.
You have a pair of horns on your head.


Message History

The rat bites you but does no damage. You block the rat's attack.
Unknown command.
You closely miss the river rat.
The river rat is heavily wounded.
The river rat bites you but does no damage. x2
The river rat bites you. You block the rat's attack.
The rat bites you but does no damage. The river rat bites you!
You block the river rat's attack.
Unknown command.
You hit the river rat but do no damage. Your headbutt misses the river rat.
The river rat is heavily wounded.
The river rat bites you.
* * * LOW HITPOINT WARNING * * *
The rat barely misses you. You block the rat's attack. The river rat bites you!
* * * LOW HITPOINT WARNING * * *
The river rat twitches its whiskers.
The river rat closely misses you. You furiously retaliate!
You headbutt the river rat. You block the rat's attack.
The river rat bites you!
You die...

≈≈≈≈≈≈≈≈≈≈≈≈≈≈..≈.†.≈≈≈≈≈≈≈≈≈≈≈≈≈
≈≈≈≈≈≈≈≈≈≈≈≈≈≈≈≈≈≈≈≈≈≈≈≈≈≈≈≈≈≈≈≈≈
≈≈≈≈≈≈≈≈≈≈≈≈≈≈≈≈≈≈≈≈≈≈≈≈≈≈≈≈≈≈≈≈≈
≈≈≈≈≈≈≈≈≈≈≈≈..≈††..≈≈≈.≈≈≈≈≈≈≈≈≈≈
≈≈≈≈≈##.≈≈.≈≈....†....≈≈.≈≈.≈≈≈≈≈
.........†.....##......
...##....†...## #.... ..
##..rrr..##.. #...r@r......
......####..... ....## #..## ####
###


You could see 3 river rats and 2 rats.

Vanquished Creatures
  2 big kobolds (Sewer)
  Crazy Yiuf (D:2)
  Robin (D:3)
  5 adders
  7 gnolls
  6 river rats
  2 oozes (Sewer)
  2 worms
  2 giant geckos
  5 orcs
  7 ball pythons
  7 bats
  6 giant cockroaches
  16 goblins
  11 hobgoblins
  A quokka (D:2)
  4 giant newts
  16 kobolds
  19 rats
120 creatures vanquished.

Vanquished Creatures (others)
  A human (D:2)
1 creature vanquished.

Grand Total: 121 creatures vanquished

Notes
Turn   | Place    | Note
--------------------------------------------------------------
     0 | D:1      | Peloso the Minotaur Fighter began the quest for the Orb.
     0 | D:1      | Reached XP level 1. HP: 19/19 MP: 0/0
   254 | D:1      | Reached XP level 2. HP: 27/27 MP: 1/1
   359 | D:1      | Reached skill level 4 in Fighting
   885 | D:2      | Reached XP level 3. HP: 26/33 MP: 2/2
   889 | D:2      | Found an ancient bone altar of Kikubaaqudgha.
   889 | D:2      | Noticed a human
   893 | D:2      | Killed a human
  1172 | D:2      | Noticed Crazy Yiuf
  1180 | D:2      | Killed Crazy Yiuf
  1180 | D:2      | Reached XP level 4. HP: 20/41 MP: 3/3
  1355 | D:2      | Found an ancient bone altar of Kikubaaqudgha.
  1417 | D:2      | Reached XP level 5. HP: 35/47 MP: 4/4
  1787 | D:3      | Reached skill level 5 in Shields
  1926 | D:3      | Found a radiant altar of Vehumet.
  1980 | D:3      | Reached skill level 1 in Dodging
  1993 | D:3      | Found an iron altar of Okawaru.
  2002 | D:3      | Became a worshipper of Warmaster Okawaru
  2020 | D:3      | Noticed Robin
  2039 | D:3      | Reached skill level 5 in Armour
  2057 | D:3      | Killed Robin
  2173 | D:3      | Found a basalt altar of Yredelemnul.
  2364 | D:3      | Found a glowing drain.
  2386 | Sewer    | Entered a sewer
  2508 | Sewer    | Reached XP level 6. HP: 46/53 MP: 5/5
  2647 | Sewer    | Reached skill level 6 in Shields
  2717 | Sewer    | Reached * piety under Okawaru
  2722 | Sewer    | Slain by a river rat

Action                   |  1- 3 |  4- 6 || total
-------------------------+-------+-------++-------
Melee: Long sword        |   111 |   222 ||   333
  Use: Scroll            |     4 |     1 ||     5
  Eat: Chunk             |       |     6 ||     6
